 Dungeon Sprint DCSS version 0.28.0-53-g5a82cb258f (webtiles) character file.

Game seed: 13424854097367845427

15502 boopmooplesden the Minotaur Blade (level 12, -27/134 HPs)
             Began as a Minotaur Berserker on June 27, 2022.
             Was the Champion of Trog.
             Annihilated by a golden dragon (28 damage)
             ... in the Dungeon (Sprint II: "The Violet Keep of Menkaure").
             The game lasted 00:07:34 (2920 turns).

boopmooplesden the Minotaur Blade (MiBe)            Turns: 2920, Time: 00:07:35

Health: -27/134    AC: 20    Str: 22    XL:     12   Next: 1%
Magic:  11/11      EV: 17    Int:  6    God:    Trog [******]
Gold:   812        SH:  0    Dex: 15    Spells: 11/11 levels left

rFire   + . .      SeeInvis .   p - +11 triple sword "Undertaker" {vamp, Fly}
rCold   . . .      Faith    .   (shield currently unavailable)
rNeg    . . .      Spirit   .   C - +8 scale mail of the Sturgeon {Dex+2}
rPois   .          Reflect  .   (helmet restricted)
rElec   .          Harm     .   (no cloak)
rCorr   .          Rampage  .   k - +0 pair of gloves
Will    .....      NoTele   +   B - +0 pair of boots
Stlth   ++........              (no amulet)
HPRegen 0.32/turn               i - ring "Yfekah" {rF+ Slay+2 Stlth+}
MPRegen 0.12/turn               (no ring)

@: lethally poisoned (-27 -> -37), on berserk cooldown, flying, slowed, very
slow
A: horns 2, retaliatory headbutt
a: Renounce Religion, Berserk, Trog's Hand, Brothers in Arms


You were in the Dungeon.
You worshipped Trog.
Trog was exalted by your worship.
You visited 1 branch You collected 1804 gold pieces.
You spent 992 gold pieces at shops.

Inventory:

Hand Weapons
 a - a +0 falchion
 e - a +6 antimagic long sword
 p - the +11 triple sword "Undertaker" (weapon) {vamp, Fly}
   (You acquired it in the Dungeon)

   It occasionally heals its wielder for a portion of the damage dealt when it
   wounds a living foe.
   Fly:       It grants you flight.
 w - a +4 triple sword of flaming
 y - a +6 scimitar
 z - a +3 triple sword
Armour
 b - a +0 animal skin
 j - a +4 ring mail of willpower
 k - a +0 pair of gloves (worn)
 B - a +0 pair of boots (worn)
 C - the +8 scale mail of the Sturgeon (worn) {Dex+2}
   (You bought it in a shop in the Dungeon)

   Dex:       It affects your dexterity (+2).
Jewellery
 i - the ring "Yfekah" (left hand) {rF+ Slay+2 Stlth+}
   (You bought it in a shop in the Dungeon)

   [ring of protection from fire]

   Slay:      It affects your accuracy & damage with ranged weapons and melee
   (+2).
   rF:        It protects you from fire.
   Stlth:     It makes you more stealthy.
 l - a +6 ring of dexterity
Scrolls
 h - a scroll of blinking
 m - 2 scrolls of fog
 r - a scroll of identify
 s - a scroll of magic mapping {unknown}
 A - 2 scrolls of brand weapon {unknown}
Potions
 c - 2 potions of curing
 f - 6 potions of magic
 g - a potion of berserk rage
 n - a potion of invisibility {unknown}
 o - 7 potions of flight
 q - a potion of brilliance {unknown}
 u - 3 potions of resistance {unknown}
 v - a potion of attraction {unknown}
 x - a potion of might {unknown}
Miscellaneous
 t - a box of beasts


   Skills:
 + Level 20.7 Fighting
 + Level 22.5 Long Blades
 + Level 12.2 Armour
 + Level 13.7 Dodging
 + Level 4.1 Stealth
 + Level 3.5 Unarmed Combat


You had 11 spell levels left.
You didn't know any spells.
Your spell library was empty.

Dungeon Overview and Level Annotations

Branches:
Dungeon (1/1)

Altars:
Cheibriados
Dithmenos
Elyvilon
Fedhas
Gozag
Hepliaklqana
Kikubaaqudgha
Makhleb
Nemelex Xobeh
Okawaru
Qazlal
Ru
Sif Muna
Trog
Uskayaw
Vehumet
Wu Jian
Xom
Yredelemnul
Zin
The Shining One
Beogh
Jiyva
Lugonu

Shops:
D ?(:*:*:(:**=?:*[:[:?:!=!?[=

Annotations:
D exclusions: ice statue and oklob plant


Innate Abilities, Weirdness & Mutations

You have a pair of horns on your head.
You reflexively headbutt those who attack you in melee.


Message History

You're still recovering from your berserk rage.
You feel much better.
You are engulfed in poison gas.
You are more poisoned.
You feel extremely sick.
You reach down and open the door.
You are engulfed in poison gas.
You are more poisoned.
You feel extremely sick.
The golden dragon bites you but does no damage.
The golden dragon closely misses you. The golden dragon tramples you!
* * * LOW HITPOINT WARNING * * *
You hold your ground!
The golden dragon barely misses you. You furiously retaliate!
You headbutt the golden dragon, but do no damage.
The golden dragon claws you but does no damage.
The golden dragon tramples you.
* * * LOW HITPOINT WARNING * * *
You hold your ground!
You slice the golden dragon!!
You feel better.
The golden dragon is lightly wounded.
You feel very sick. The golden dragon bites you!!
* * * LOW HITPOINT WARNING * * *
The golden dragon claws you.
* * * LOW HITPOINT WARNING * * *
The golden dragon tramples you but does no damage.
You slash the golden dragon!
You feel better.
You headbutt the golden dragon, but do no damage.
The golden dragon is moderately wounded.
* * * LOW HITPOINT WARNING * * *
You feel very sick. The golden dragon barely misses you.
You furiously retaliate!
You headbutt the golden dragon, but do no damage.
The golden dragon barely misses you.
The golden dragon tramples you but does no damage.
You slice the golden dragon!! You headbutt the golden dragon.
The golden dragon is heavily wounded.
* * * LOW HITPOINT WARNING * * *
You feel very sick. The golden dragon bites you!!
You die...

###########≈≈#°°°#○++##
##########≈≈°○..○.....#
#........#≈≈°≈.##'##..# #.
#....⌠...#≈≈≈≈##○#.##.#### +.##.
#...∩.∩..#≈≈≈≈#)###.# ...# ...#
#..∩.∩.∩..≈≈####)#°####..## #..#
#.∩.∩.∩.∩#†##.###°###.##..# +.^#
#∩.....∩.#≈....##○##...#..# #..#
#.∩.....∩'≈'.#)'@<.°.##'..####..#
#∩.......#°#...##D##...#....###..
▓▓▓▓▓▓▓###°##..##'###.##......≈≈≈
#)lY######≈°###..#.####≈≈.....≈#+
#).l#Y. ##°○≈#..#..#≈≈≈≈≈≈≈..≈#_
#∩P)+Y.#+ #°#°##.#)##≈§≈≈≈≈≈≈.≈#.
#$.$#$##. #.#≈○##'##≈≈§≈§≈§§§§≈#_
#:l.###.. ####≈D≈≈≈≈≈≈§§§§§≈≈≈≈#.
##+###... #+++#+++#§§§§§§≈≈≈#_


You could see a golden dragon.

Vanquished Creatures
  A storm dragon (D)
  Kirke (D)
  A frost giant (D)
  A cacodemon (D)
  A fire dragon (D)
  A deep elf high priest (D)
  A yaktaur captain (D)
  2 boulder beetles (D)
  An ice dragon (D)
  A centaur warrior (D)
  A skeletal warrior (D)
  2 slime creatures (D)
  3 manticores (D)
  A merfolk siren (D)
  An elephant (D)
  A kobold demonologist (D)
  A yaktaur (D)
  3 polar bears (D)
  A hornet (D)
  12 flying skulls (D)
  5 wyverns (D)
  A vampire mosquito (D)
  Menkaure (D)
  4 water moccasins (D)
  5 necrophages (D)
  An iron imp (D)
54 creatures vanquished.

Vanquished Creatures (others)
  12 tentacles (D)
12 creatures vanquished.

Grand Total: 66 creatures vanquished

Notes
Turn   | Place    | Note
-------+----------+-------------------------------------------
     0 | D        | boopmooplesden the Minotaur Berserker began the quest for
                  | the Orb.
     0 | D        | Reached XP level 1. HP: 19/19 MP: 0/0
     1 | D        | Noticed a wyvern
     1 | D        | Noticed a wyvern
     4 | D        | Noticed a necrophage
     4 | D        | Noticed a necrophage
     4 | D        | Noticed a necrophage
     4 | D        | Noticed a necrophage
    12 | D        | Killed a necrophage
    13 | D        | Reached skill level 7 in Long Blades
    13 | D        | Reached XP level 2. HP: 28/34 MP: 1/1
    13 | D        | Reached XP level 3. HP: 32/39 MP: 2/2
    13 | D        | Reached XP level 4. HP: 39/47 MP: 3/3
    14 | D        | Killed a necrophage
    15 | D        | Reached skill level 8 in Long Blades
    15 | D        | Reached XP level 5. HP: 47/56 MP: 4/4
    20 | D        | Killed a necrophage
    20 | D        | Reached ** piety under Trog
    21 | D        | Reached skill level 9 in Long Blades
    21 | D        | Reached skill level 5 in Armour
    21 | D        | Reached skill level 5 in Dodging
    21 | D        | Killed a necrophage
    22 | D        | Reached skill level 10 in Fighting
    22 | D        | Reached skill level 10 in Long Blades
    22 | D        | Reached XP level 6. HP: 47/67 MP: 5/5
   298 | D        | Noticed a merfolk siren
   304 | D        | Killed a merfolk siren
   305 | D        | Reached skill level 12 in Long Blades
   305 | D        | Reached XP level 7. HP: 75/77 MP: 6/6
   515 | D        | Noticed a boulder beetle
   515 | D        | Noticed a boulder beetle
   523 | D        | Killed a wyvern
   523 | D        | Reached *** piety under Trog
   524 | D        | Reached skill level 13 in Long Blades
   526 | D        | Killed a wyvern
   541 | D        | Found Haobaisky's Magic Scroll Shoppe.
   541 | D        | Found Wypa Leyfia's Antique Armour Shoppe.
   541 | D        | Found Gewkawa's Jewellery Emporium.
   541 | D        | Found Atsom's Distillery.
   541 | D        | Found Asoig's Book Shoppe.
   541 | D        | Found Putuap's Distillery.
   542 | D        | Found Seuryp's Antique Armour Shoppe.
   542 | D        | Found Hanwurud's Assorted Antiques.
   550 | D        | Reached XP level 8. HP: 69/86 MP: 7/7
   550 | D        | Found Gechufie's Jewellery Emporium.
   550 | D        | Found Japtyil's Jewellery Emporium.
   550 | D        | Noticed Menkaure
   559 | D        | Killed Menkaure
   559 | D        | Reached **** piety under Trog
   561 | D        | Found Giastrais's Book Shoppe.
   561 | D        | Found Pinidy's Antique Weapon Emporium.
   561 | D        | Noticed a death yak
   561 | D        | Noticed an oklob plant
   589 | D        | Reached skill level 14 in Long Blades
   885 | D        | Found Zyseqots's Assorted Antiques.
   885 | D        | Found Ugeetuunk's Book Emporium.
   885 | D        | Found Mixatapt's Book Shoppe.
   893 | D        | Bought the ring "Yfekah" {rF+ Slay+2 Stlth+} for 518 gold
                  | pieces
   911 | D        | Bought a glowing ring mail for 119 gold pieces
   925 | D        | Bought a pair of gloves for 94 gold pieces
   948 | D        | Found an iron altar of Okawaru.
   948 | D        | Found a radiant altar of Vehumet.
   948 | D        | Found a glowing silver altar of Zin.
   949 | D        | Found a sparkling altar of Nemelex Xobeh.
   949 | D        | Found a hide-covered altar of Uskayaw.
   949 | D        | Found a basalt altar of Yredelemnul.
   950 | D        | Found an opulent altar of Gozag.
   950 | D        | Found a burning altar of Makhleb.
   950 | D        | Found a bloodstained altar of Trog.
   951 | D        | Found a blossoming altar of Fedhas.
   951 | D        | Found a corrupted altar of Lugonu.
   951 | D        | Found a shimmering blue altar of Sif Muna.
   952 | D        | Found a white marble altar of Elyvilon.
   952 | D        | Found an ancient bone altar of Kikubaaqudgha.
   953 | D        | Found a shadowy altar of Dithmenos.
   953 | D        | Found a viscous altar of Jiyva.
   954 | D        | Found a snail-covered altar of Cheibriados.
   956 | D        | Noticed a yaktaur
   956 | D        | Noticed a hornet
   956 | D        | Noticed a polar bear
   957 | D        | Noticed a polar bear
   965 | D        | Killed a polar bear
   966 | D        | Noticed a polar bear
   971 | D        | Killed a polar bear
   977 | D        | Killed a polar bear
   978 | D        | Reached skill level 15 in Fighting
   978 | D        | Reached skill level 15 in Long Blades
   978 | D        | Killed a hornet
   978 | D        | Reached ***** piety under Trog
   979 | D        | Reached XP level 9. HP: 77/97 MP: 8/8
   984 | D        | Killed a yaktaur
  1212 | D        | Noticed a kraken
  1215 | D        | Reached skill level 10 in Dodging
  1336 | D        | Found a hazy altar of Hepliaklqana.
  1336 | D        | Found a sacrificial altar of Ru.
  1336 | D        | Found a shimmering altar of Xom.
  1337 | D        | Found a stormy altar of Qazlal.
  1337 | D        | Found an ornate altar of the Wu Jian Council.
  1351 | D        | Found a glowing golden altar of the Shining One.
  1359 | D        | Noticed an orange crystal statue
  1401 | D        | Identified a scroll of acquirement
  1401 | D        | Acquired the +11 triple sword "Undertaker" {vamp, Fly}
  1427 | D        | Noticed an ice statue
  1437 | D        | Killed a boulder beetle
  1438 | D        | Reached skill level 16 in Long Blades
  1441 | D        | Killed a boulder beetle
  1441 | D        | Received a gift from Trog
  1442 | D        | Reached skill level 1 in Stealth
  1442 | D        | Reached XP level 10. HP: 111/111 MP: 9/9
  1508 | D        | Reached skill level 17 in Long Blades
  1515 | D        | Received a gift from Trog
  1516 | D        | Reached ****** piety under Trog
  1526 | D        | Reached skill level 18 in Long Blades
  1650 | D        | Noticed Kirke
  1650 | D        | Noticed a yaktaur captain
  1652 | D        | Noticed a centaur warrior
  1673 | D        | Killed a centaur warrior
  1682 | D        | Killed Kirke
  1682 | D        | Received a gift from Trog
  1683 | D        | Reached skill level 1 in Unarmed Combat
  1691 | D        | Killed a yaktaur captain
  1692 | D        | Reached skill level 19 in Long Blades
  1692 | D        | Reached XP level 11. HP: 115/123 MP: 10/10
  1692 | D        | Noticed a skeletal warrior
  1692 | D        | Noticed an ice dragon
  1698 | D        | Killed a skeletal warrior
  1699 | D        | Reached skill level 10 in Armour
  1704 | D        | Killed an ice dragon
  2001 | D        | Received a gift from Trog
  2002 | D        | Reached skill level 20 in Long Blades
  2359 | D        | Noticed a fire dragon
  2375 | D        | Killed a fire dragon
  2376 | D        | Reached skill level 21 in Long Blades
  2376 | D        | Received a gift from Trog
  2396 | D        | Found Deann's Magic Scroll Emporium.
  2396 | D        | Found Siuphaydan's Assorted Antiques.
  2396 | D        | Found Vege's Antique Weapon Shop.
  2396 | D        | Found Tohiveor's Book Shoppe.
  2396 | D        | Found Woahyal's General Store.
  2397 | D        | Found Nadacret's General Store.
  2397 | D        | Found Giesan's Magic Scroll Boutique.
  2397 | D        | Found Jiytouph's Book Emporium.
  2397 | D        | Found Aqauliw's Magic Scroll Shop.
  2397 | D        | Found Amergh's Book Emporium.
  2397 | D        | Found Tept's Armour Shop.
  2397 | D        | Found Nuvem's Book Shoppe.
  2404 | D        | Bought a +0 pair of boots for 63 gold pieces
  2414 | D        | Bought an aquamarine-encrusted scale mail for 198 gold
                  | pieces
  2414 | D        | Identified the +8 scale mail of the Sturgeon {Dex+2} (You
                  | bought it in a shop in the Dungeon)
  2445 | D        | Noticed a storm dragon
  2445 | D        | Noticed a golden dragon
  2445 | D        | Noticed a cacodemon
  2446 | D        | Noticed a bone dragon
  2613 | D        | Noticed a frost giant
  2617 | D        | Killed a frost giant
  2652 | D        | Noticed a deep elf high priest
  2657 | D        | Killed a deep elf high priest
  2887 | D        | Killed a cacodemon
  2888 | D        | Reached skill level 22 in Long Blades
  2890 | D        | Killed a storm dragon
  2891 | D        | Reached XP level 12. HP: 120/134 MP: 11/11
  2918 | D        | HP: 6/134 [golden dragon (24)]
  2920 | D        | HP: 1/134 [poisoned by a golden dragon (poison gas)]
  2920 | D        | Annihilated by a golden dragon

Illustrated notes

Levels and vault maps discovered:
D:        the_violet_keep_of_menkaure [sprint2_stairs_cluster_1,
          sprint2_shoproom, sprint2_temple, sprint2_basic_supplies,
          sprint2_obstacle_2, sprint2_obstacle_4, sprint2_obstacle_1,
          sprint2_obstacle_3, sprint2_obstacle_7, sprint2_timed_cluster_1,
          sprint2_smallroom_cluster_1, sprint2_smallroom_final_cluster_1,
          sprint2_transparent_cluster_1, sprint2_second_timed_cluster_1,
          sprint2_sniper_area_1, sprint2_heavy_combat_area_1,
          sprint2_mutation_trap_area_1, sprint2_forest_area_1,
          sprint2_light_combat_area_1, sprint2_behind_water_1,
          sprint2_near_end_vault_1]

Skill      XL: |  1  2  3  4  5  6  7  8  9 10 11 |
---------------+----------------------------------+-----
Fighting       | 7 8 10 12 13 15 17 19 20 | 20.7
Long Blades    | 7 8 10 12 13 15 16 19 22 | 22.5
Armour         | 3 4 5 6 7 8 9 12 | 12.2
Dodging        | 3 4 5 6 7 9 11 12 13 | 13.7
Stealth        | 1 2 4 |  4.1
Unarmed Combat | 1 3 |  3.5

Action                   |  1- 3 |  4- 6 |  7- 9 | 10-12 || total
-------------------------+-------+-------+-------+-------++-------
Melee: Falchion          |     7 |    12 |    68 |       ||    87
       Headbutt          |       |     2 |    14 |    19 ||    35
       Triple sword      |       |       |     8 |    93 ||   101
       Unarmed           |       |       |       |     5 ||     5
Invok: Berserk           |     1 |     1 |     4 |     5 ||    11
  Use: Scroll            |       |       |     6 |       ||     6
       Potion            |       |       |       |     2 ||     2
 Stab: Sleeping          |       |       |       |     1 ||     1
Armor: Animal skin       |       |     1 |     2 |       ||     3
       Ring mail         |       |       |    15 |    16 ||    31
       Scale mail        |       |       |       |    19 ||    19
Dodge: Dodged            |       |     4 |    51 |    61 ||   116
